 Dungeon Sprint DCSS version 0.31-a0-844-gdc52ec4e09 (webtiles) character file.

Game seed: 11709651269737724106

5477 sircluck the Grappler (level 10, 0/118 HPs)
             Began as a Troll Berserker on Sept 29, 2023.
             Was the Champion of Trog.
             Slain by a yak (2 damage)
             ... while paralysed by a floating eye
             ... in the Dungeon (Sprint VII: "The Pits").
             The game lasted 00:03:19 (971 turns).

sircluck the Grappler (Troll Berserker)              Turns: 971, Time: 00:03:20

Health: 0/118      AC:  8    Str: 31    XL:     10   Next: 42%
Magic:  9/9        EV:  1    Int:  6    God:    Trog [******]
Gold:   0          SH:  0    Dex:  9    Spells: 9/9 levels left

rFire   . .          .
                       - Unarmed
rCold   . . .        (no shield)
rNeg    . . .        m - +0 troll leather armour
rPois   .            (helmet restricted)
rElec   .            (no cloak)
rCorr   .            (gloves unavailable)
SInv    .            (boots unavailable)
Will    .....        (no amulet)
Stlth   +            l - +3 ring of protection
HPRegen 1.99/turn    k - +3 ring of intelligence
MPRegen 0.11/turn

%: no teleportation
@: paralysed, lethally poisoned (0 -> -1), on berserk cooldown, slowed
A: large, unfitting armour, claws 3, regeneration 1, shaggy fur 1, tough skin 1
a: Renounce Religion, Berserk, Trog's Hand, Brothers in Arms


You were in the Dungeon.
You worshipped Trog.
Trog was exalted by your worship.
You visited 1 branch

Inventory:

Armour
 a - a +0 animal skin
 m - a +0 troll leather armour (worn)
Jewellery
 k - a +3 ring of intelligence (right claw)
 l - a +3 ring of protection (left claw)
Scrolls
 g - a scroll of blinking
 i - 2 scrolls of vulnerability
 j - a scroll of summoning
Potions
 b - 8 potions of curing
 c - 12 potions of heal wounds
 d - 3 potions of haste
 e - 4 potions of magic
 f - 4 potions of berserk rage
 h - 2 potions of invisibility


   Skills:
 + Level 12.6 Fighting
 + Level 12.5 Dodging
 + Level 14.7 Unarmed Combat


You had 9 spell levels left.
You didn't know any spells.
Your spell library was empty.

Dungeon Overview and Level Annotations

Branches:
Dungeon (1/1)

Altars:
Ashenzari
Cheibriados
Dithmenos
Elyvilon
Fedhas
Gozag
Hepliaklqana
Kikubaaqudgha
Makhleb
Nemelex Xobeh
Okawaru
Qazlal
Ru
Sif Muna
Trog
Uskayaw
Vehumet
Wu Jian
Xom
Yredelemnul
Zin
The Shining One
Jiyva
Lugonu


Innate Abilities, Weirdness & Mutations

You are too large for most types of armour.
You have claws for hands.
Your natural rate of healing is unusually fast.
You are covered in fur. (AC +1)
You have tough skin. (AC +1)


Message History

You mangle the yak!!
The yak is severely wounded.
You are no longer berserk.
You are exhausted.
You feel yourself slow down.
You feel very sick.
You claw the yak!
The yak is almost dead.
You feel extremely sick. The yak gores you but does no damage.
The yak gores you!
The floating eye's stare focuses on you.
The yak gores you but does no damage.
You claw the yak!
You kill the yak!
Trog accepts your kill.
You feel extremely sick. The yak gores you! The yak completely misses you.
Unknown command.
You are too injured to fight recklessly!
You claw the yak!
The yak is moderately wounded.
You feel very sick. The yak barely misses you.
The floating eye gazes piercingly through you!
You suddenly lose the ability to move!
The yak gores you!
* * * LOW HITPOINT WARNING * * *
The yak completely misses you.
You feel very sick.
The floating eye's stare focuses on you.
The yak gores you.
* * * LOW HITPOINT WARNING * * *
The yak gores you.
* * * LOW HITPOINT WARNING * * *
The yak gores you!
* * * LOW HITPOINT WARNING * * *
* * * LOW HITPOINT WARNING * * *
You feel very sick.
The floating eye gazes piercingly through you!
You shrug off the repeated paralysis!
The yak gores you.
You die...

.........+ ..#......#
.........# ##''######
##))################
##....##..'...##...###
##...##...#..##......##
##..##...##..#...G....##
##..#...##..)[†.@Y.....#
##.)'..##....###YYD....#
##.##..#.......###......
####...+.........##.....
###....#....####..##....
##.†#..##..## .. ....
##.###..##)+ . ...
####.##..#.## .. #
#...†).'..#


You could see 3 yaks, a steam dragon and a floating eye.

Vanquished Creatures
  A great orb of eyes (D)
  A deep troll (D)
  A bog body (D)
  A swamp dragon (D)
  An elephant (D)
  A kobold demonologist (D)
  2 freezing wraiths (D)
  A troll (D)
  Prince Ribbit (D)
  A jumping spider (D)
  Sigmund (D)
  A wraith (D)
  A fire bat (D)
  A yak (D)
  2 vampire mosquitoes (D)
  A sky beast (D)
  An ice beast (D)
  A small abomination (D)
  A centaur (D)
  A necrophage (D)
  3 wights (D)
  A crimson imp (D)
  An iron imp (D)
  A gnoll bouda (D)
  3 orc priests (D)
  An iguana (D)
  4 gnolls (D)
  An ufetubus (D)
  An orc (D)
  An endoplasm (D)
  A giant cockroach (D)
  A goblin (D)
  A hobgoblin (D)
  3 ball pythons (D)
  2 frilled lizards (D)
  A kobold (D)
48 creatures vanquished.

Notes
Turn   | Place    | Note
-------+----------+-------------------------------------------
     0 | D        | sircluck the Troll Berserker began the quest for the Orb.
     0 | D        | Reached XP level 1. HP: 22/22 MP: 0/0
    20 | D        | Found a bloodstained altar of Trog.
    20 | D        | Found a shimmering blue altar of Sif Muna.
    20 | D        | Found a viscous altar of Jiyva.
    20 | D        | Found a hazy altar of Hepliaklqana.
    20 | D        | Found an opulent altar of Gozag.
    21 | D        | Found a glowing golden altar of the Shining One.
    21 | D        | Found a glowing silver altar of Zin.
    21 | D        | Found a basalt altar of Yredelemnul.
    21 | D        | Found a shimmering altar of Xom.
    21 | D        | Found an ornate altar of the Wu Jian Council.
    21 | D        | Found a sacrificial altar of Ru.
    21 | D        | Found a stormy altar of Qazlal.
    21 | D        | Found an iron altar of Okawaru.
    21 | D        | Found a sparkling altar of Nemelex Xobeh.
    21 | D        | Found a burning altar of Makhleb.
    21 | D        | Found a blossoming altar of Fedhas.
    21 | D        | Found a white marble altar of Elyvilon.
    21 | D        | Found a shadowy altar of Dithmenos.
    21 | D        | Found a snail-covered altar of Cheibriados.
    25 | D        | Found a corrupted altar of Lugonu.
    25 | D        | Found a radiant altar of Vehumet.
    26 | D        | Found a broken altar of Ashenzari.
    26 | D        | Found an ancient bone altar of Kikubaaqudgha.
    26 | D        | Found a hide-covered altar of Uskayaw.
    68 | D        | Reached ** piety under Trog
    78 | D        | Reached XP level 2. HP: 31/31 MP: 1/1
    89 | D        | Reached *** piety under Trog
    90 | D        | Reached skill level 4 in Unarmed Combat
    92 | D        | Reached XP level 3. HP: 36/39 MP: 2/2
    94 | D        | Reached skill level 5 in Unarmed Combat
   141 | D        | Noticed a necrophage
   160 | D        | Killed a necrophage
   160 | D        | Reached **** piety under Trog
   161 | D        | Reached skill level 5 in Fighting
   161 | D        | Reached skill level 5 in Dodging
   161 | D        | Reached skill level 6 in Unarmed Combat
   161 | D        | Reached XP level 4. HP: 47/50 MP: 3/3
   170 | D        | Noticed Prince Ribbit
   188 | D        | Killed Prince Ribbit
   189 | D        | Reached skill level 8 in Unarmed Combat
   189 | D        | Reached XP level 5. HP: 37/61 MP: 4/4
   189 | D        | Reached XP level 6. HP: 41/68 MP: 5/5
   197 | D        | Reached ***** piety under Trog
   257 | D        | Received a gift from Trog
   260 | D        | Reached skill level 9 in Unarmed Combat
   300 | D        | Noticed a kobold demonologist
   301 | D        | Noticed a rust devil
   306 | D        | Noticed a chaos spawn
   306 | D        | Killed a kobold demonologist
   307 | D        | Reached skill level 10 in Unarmed Combat
   307 | D        | Reached XP level 7. HP: 76/81 MP: 6/6
   340 | D        | Received a gift from Trog
   361 | D        | Noticed a bog body
   361 | D        | Noticed an elephant
   373 | D        | Killed a bog body
   374 | D        | Reached skill level 11 in Unarmed Combat
   374 | D        | Reached XP level 8. HP: 92/92 MP: 7/7
   382 | D        | Killed an elephant
   383 | D        | Reached skill level 10 in Fighting
   383 | D        | Reached skill level 10 in Dodging
   622 | D        | Reached skill level 12 in Unarmed Combat
   622 | D        | Reached XP level 9. HP: 102/102 MP: 8/8
   679 | D        | Noticed a freezing wraith
   688 | D        | Killed a freezing wraith
   688 | D        | Received a gift from Trog
   733 | D        | Noticed a deep troll
   744 | D        | Killed a deep troll
   745 | D        | Reached skill level 13 in Unarmed Combat
   832 | D        | Noticed a freezing wraith
   849 | D        | Killed a freezing wraith
   849 | D        | Received a gift from Trog
   885 | D        | Noticed Sigmund
   890 | D        | Killed Sigmund
   895 | D        | Reached XP level 10. HP: 115/115 MP: 9/9
   897 | D        | Noticed a great orb of eyes
   903 | D        | Reached ****** piety under Trog
   908 | D        | Killed a great orb of eyes
   909 | D        | Reached skill level 14 in Unarmed Combat
   950 | D        | Noticed a swamp dragon
   955 | D        | Received a gift from Trog
   962 | D        | Killed a swamp dragon
   969 | D        | Paralysed by a floating eye for 4 turns
   970 | D        | HP: 4/118 [yak (11)]
   971 | D        | Slain by a yak

Illustrated notes

Levels and vault maps discovered:
D:        pitsprint [storerooms_1, entrance_room_1, metal_vault_7, armoury_2,
          mini_pit_1, grid_room_1, main_hall_1, silver_pit, the_coven_1,
          the_vestibule_1, steel_vault_3, golden_pit, hallway_of_sentries,
          crystal_vault_2, iron_vault_1, final_vault]

Skill      XL: |  1  2  3  4  5  6  7  8  9 10 |
---------------+-------------------------------+-----
Fighting       | 3 4 5 6 8 9 10 11 12 | 12.6
Dodging        | 3 4 5 6 8 9 10 11 12 | 12.5
Unarmed Combat | 4 6 8 10 11 12 13 14 | 14.7

Action                     |  1- 3 |  4- 6 |  7- 9 | 10-12 || total
---------------------------+-------+-------+-------+-------++-------
  Melee: Unarmed           |    28 |    45 |    67 |    20 ||   160
         Punch             |     1 |     1 |     6 |     2 ||    10
 Invoke: Berserk           |       |     1 |     3 |     1 ||     5
         Brothers in Arms  |       |       |     1 |       ||     1
 Armour: Animal skin       |    13 |    16 |    30 |       ||    59
         Troll leather arm |       |       |    14 |    17 ||    31
  Dodge: Dodged            |    11 |    12 |    28 |    12 ||    63

Table legend: (Time is in decaauts)
 A = Elapsed time spent in this place.
 B = Non-inter-level travel time spent in this place.
 C = Inter-level travel time spent in this place.
 D = Time resting spent in this place.
 E = Time spent auto-exploring this place.
 F = Levels seen in this place.
 G = Mean time per level.
                   A        B        C        D        E       F      G
               +--------+--------+--------+--------+--------+-----+--------+
         Total |    971 |    971 |      0 |    424 |    135 |   1 |  971.0 |
       Dungeon |    971 |    971 |      0 |    424 |    135 |   1 |  971.0 |
               +--------+--------+--------+--------+--------+-----+--------+

Top non-repeatable levels by time:
       D: 971 daAuts
